 Dungeon Crawl Stone Soup version 0.31-a0-152-g6aa68a64a1 (webtiles) character file.

Game seed: 7443056690746211286

110 qw the Shooter (level 4, -8/42 HPs)
             Began as a Naga Hunter on June 9, 2023.
             Mangled by an ogre
             ... wielding a +0 giant spiked club
              (23 damage)
             ... on level 3 of the Dungeon.
             The game lasted 00:00:41 (1928 turns).

qw the Shooter (Naga Hunter)                        Turns: 1928, Time: 00:00:42

Health: -8/42      AC:  2    Str: 14    XL:     4   Next: 91%
Magic:  4/4        EV:  9    Int:  9    God:
Gold:   73         SH:  0    Dex: 16    Spells: 3/3 levels left

rFire   . . .        Y - +0 shortbow
rCold   . . .        (shield currently unavailable)
rNeg    . . .        c - +0 leather armour
rPois   +            (no helmet)
rElec   .            (no cloak)
rCorr   .            (no gloves)
SInv    +            (no barding)
Will    .....        (no amulet)
Stlth   ++           (no ring)
HPRegen 0.27/turn    (no ring)
MPRegen 0.09/turn

%: no passive effects
@: very slow
A: AC +1, large, see invisible, deformed body, poison resistance, slowness 2,
spit poison 1, naga tail 1
a: Spit Poison


You were on level 3 of the Dungeon.
You visited 1 branch of the dungeon, and saw 3 of its levels.

You collected 185 gold pieces.
You spent 112 gold pieces at shops.


Innate Abilities, Weirdness & Mutations

Your serpentine skin is tough. (AC +1)
You have supernaturally acute eyesight. (SInv)
Armour fits poorly on your strangely shaped body.
Your system is resistant to poisons. (rPois)
You cover ground very slowly.
You can spit poison.
You have a snake-like lower body.


   Skills:
 - Level 3.0 Fighting
 + Level 5.1 Ranged Weapons
 - Level 1.5 Dodging
 - Level 1.5 Stealth


You had 3 spell levels left.
You didn't know any spells.
Your spell library was empty.

Inventory:

Hand Weapons
 Y - a +0 shortbow (weapon)
Armour
 c - a +0 leather armour (worn)
Jewellery
 a - a ring of willpower
Scrolls
 b - a scroll of identify
 d - a scroll of fear {unknown}
Potions
 e - a potion of curing
 i - a potion of heal wounds

Dungeon Overview and Level Annotations

Branches:
Dungeon (3/15)

Altars:
Qazlal

Shops:
D:2 ?


Message History

The goblin wields a +0 sling.
The goblin shoots a sling bullet.
The sling bullet hits you.
You shoot an arrow. The arrow hits the goblin.
The goblin is severely wounded.
The goblin hits you with a +0 dagger. The goblin hits you but does no damage.
The goblin barely misses you. The goblin hits you with a +0 dagger.
The goblin hits you with a +0 club.
You shoot an arrow. The arrow barely misses the goblin.
The goblin hits you with a +0 dagger. The goblin hits you with a +0 club.
The goblin hits you with a +0 dagger.
You shoot an arrow. The arrow closely misses the goblin.
The goblin misses you. The goblin barely misses you. x2
You shoot an arrow. The arrow hits the goblin.
You kill the goblin!
You have got your breath back.
The goblin hits you with a +0 dagger.
1924 ||| INVOKING Spit Poison.
Aiming: Spit Poison (1% risk of failure)
Press: ? - help, Shift-Dir - straight line, f - goblin The splash of poison misses the goblin.
The splash of poison hits the goblin!
You kill the goblin!
The goblin hits you with a +0 club. The goblin barely misses you.
The goblin hits you with a +0 dagger.
You shoot an arrow. The arrow hits the goblin!
You kill the goblin!
The goblin closely misses you. The goblin hits you but does no damage.
You shoot an arrow. The arrow hits the ogre.
The ogre is lightly wounded.
The goblin closely misses you. The goblin barely misses you.
The ogre closely misses you.
You shoot an arrow. The arrow hits the ogre!
The ogre is moderately wounded.
The goblin hits you with a +0 club. The goblin hits you with a +0 dagger.
The ogre closely misses you. The goblin closely misses you. x2
You shoot an arrow. The arrow barely misses the ogre.
The arrow hits the goblin but does no damage.
You have got your breath back.
The ogre hits you with a +0 giant spiked club!!
Ouch! That really hurt!
You die...

###.## #####...............#.#
##...###.....#...........#.#.#
E#...#E#.....#...........#.#.#
##...###.....###'###'#####.#.#
........###......# #.#####.#.#
..._....###.###..# #.#.[...#.#
..........#.# #..# ###.....#.#
##...###..#.# #.g#..(#....<#.#
E#...#E#..#.###.@Og..#.....#.#
##?..###..#.#...g#...#.....#.#
..........#.#.##.#####.....#.#
..).........#........####....#
......#...#......########.#######
.............).#..# #......##...
..#...............# #.##....#.##
..#........####...####.####..#.##
..#........#.........#.# #..#.##


You could see an ogre and 3 goblins.

Vanquished Creatures
  Jessica (D:2)
  An adder (D:3)
  3 gnolls (D:2)
  A dart slug (D:2)
  4 endoplasms
  4 giant cockroaches
  5 hobgoblins
  3 kobolds (D:3)
  A quokka (D:3)
  6 ball pythons
  3 bats
  A frilled lizard (D:1)
  8 goblins
  2 rats
43 creatures vanquished.

Notes
Turn   | Place    | Note
-------+----------+-------------------------------------------
     0 | D:1      | qw the Naga Hunter began the quest for the Orb.
     0 | D:1      | Reached XP level 1. HP: 19/19 MP: 1/1
     0 | D:1      | 0 ||| qw: Version: 0.2-a-122-gbc61b45
     0 | D:1      | 0 ||| qw: Game counter: 3402
     0 | D:1      | 0 ||| qw: Always use a shield: true
     0 | D:1      | 0 ||| qw: God list: Okawaru
     0 | D:1      | 0 ||| qw: Allow faded altars: false
     0 | D:1      | 0 ||| qw: Do Orc after D:15 true
     0 | D:1      | 0 ||| qw: Do second Lair branch before Depths: true
     0 | D:1      | 0 ||| qw: Lair rune preference: random
     0 | D:1      | 0 ||| qw: Plans: Normal
     0 | D:1      | 0 ||| PLANNING D:1-11
     9 | D:1      | 9 ||| INVOKING Spit Poison.
   141 | D:1      | 141 ||| INVOKING Spit Poison.
   181 | D:1      | 181 ||| INVOKING Spit Poison.
   182 | D:1      | Reached skill level 4 in Ranged Weapons
   182 | D:1      | Reached XP level 2. HP: 22/26 MP: 2/2
   219 | D:1      | 219 ||| INVOKING Spit Poison.
   262 | D:1      | 262 ||| INVOKING Spit Poison.
   307 | D:1      | 307 ||| INVOKING Spit Poison.
   441 | D:1      | 441 ||| INVOKING Spit Poison.
   643 | D:1      | 643 ||| INVOKING Spit Poison.
   704 | D:1      | 704 ||| READING scroll labelled BUODU GEDDUULA.
   705 | D:1      | 705 ||| READING scroll labelled ZODWOYSKEY.
   706 | D:1      | 706 ||| READING scroll labelled HEBBOKHLUYS.
   707 | D:1      | 707 ||| DROPPING scroll of butterflies.
   749 | D:2      | 749 ||| INVOKING Spit Poison.
   757 | D:2      | 757 ||| INVOKING Spit Poison.
   804 | D:2      | 804 ||| INVOKING Spit Poison.
   814 | D:2      | 814 ||| INVOKING Spit Poison.
   910 | D:2      | Found Kuneu's Magic Scroll Emporium.
   919 | D:2      | 919 ||| SHOPLISTING scroll of acquirement (728 gold, have
                  | 119).
   919 | D:2      | 919 ||| BUYING scroll of identify (28 gold).
   919 | D:2      | Bought a scroll of identify for 28 gold pieces
   919 | D:2      | 919 ||| BUYING scroll of identify (28 gold).
   919 | D:2      | Bought a scroll of identify for 28 gold pieces
   919 | D:2      | 919 ||| BUYING scroll of identify (28 gold).
   919 | D:2      | Bought a scroll of identify for 28 gold pieces
   919 | D:2      | 919 ||| BUYING scroll of identify (28 gold).
   919 | D:2      | Bought a scroll of identify for 28 gold pieces
   919 | D:2      | 919 ||| SHOPLISTING scroll of identify (28 gold, have 7).
  1011 | D:2      | 1011 ||| INVOKING Spit Poison.
  1111 | D:2      | Noticed Jessica
  1112 | D:2      | 1112 ||| INVOKING Spit Poison.
  1115 | D:2      | 1115 ||| INVOKING Spit Poison.
  1118 | D:2      | Killed Jessica
  1119 | D:2      | Reached XP level 3. HP: 32/32 MP: 3/3
  1209 | D:2      | 1209 ||| INVOKING Spit Poison.
  1211 | D:2      | 1211 ||| Stepping ~*~*~tactically~*~*~ (outnumbered).
  1212 | D:2      | 1212 ||| INVOKING Spit Poison.
  1213 | D:2      | Reached skill level 5 in Ranged Weapons
  1213 | D:2      | Reached XP level 4. HP: 31/39 MP: 4/4
  1216 | D:2      | 1216 ||| INVOKING Spit Poison.
  1221 | D:2      | 1221 ||| READING scroll labelled NIS FOYPRUCKACIR.
  1223 | D:2      | HP: 9/39 [gnoll/+0 spear (8)]
  1230 | D:2      | 1230 ||| FLEEEEING.
  1231 | D:2      | 1231 ||| FLEEEEING.
  1231 | D:2      | HP: 6/39 [gnoll/+0 spear (5)]
  1232 | D:2      | 1232 ||| INVOKING Spit Poison.
  1235 | D:2      | 1235 ||| INVOKING Spit Poison.
  1429 | D:2      | 1429 ||| DRINKING 2 lumpy purple potions.
  1457 | D:2      | 1457 ||| READING 5 scrolls of identify.
  1457 | D:2      | 1457 ||| IDENTIFYING red potion
  1458 | D:2      | 1458 ||| READING 4 scrolls of identify.
  1458 | D:2      | 1458 ||| IDENTIFYING fizzy grey potion
  1459 | D:2      | 1459 ||| READING 3 scrolls of identify.
  1459 | D:2      | 1459 ||| IDENTIFYING sedimented puce potion
  1460 | D:2      | 1460 ||| READING 2 scrolls of identify.
  1460 | D:2      | 1460 ||| IDENTIFYING inky potion
  1461 | D:2      | 1461 ||| DROPPING potion of enlightenment.
  1462 | D:2      | 1462 ||| DROPPING potion of lignification.
  1463 | D:2      | 1463 ||| DROPPING potion of degeneration.
  1526 | D:3      | 1526 ||| INVOKING Spit Poison.
  1555 | D:3      | 1555 ||| INVOKING Spit Poison.
  1568 | D:3      | Noticed an air elemental
  1571 | D:3      | Found a stormy altar of Qazlal.
  1572 | D:3      | 1572 ||| INVOKING Spit Poison.
  1575 | D:3      | Noticed a fire elemental
  1576 | D:3      | Noticed a water elemental
  1576 | D:3      | Noticed an earth elemental
  1612 | D:3      | 1612 ||| INVOKING Spit Poison.
  1620 | D:3      | 1620 ||| INVOKING Spit Poison.
  1639 | D:3      | 1639 ||| INVOKING Spit Poison.
  1739 | D:3      | 1739 ||| INVOKING Spit Poison.
  1740 | D:3      | Reached skill level 3 in Fighting
  1795 | D:3      | 1795 ||| INVOKING Spit Poison.
  1815 | D:3      | 1815 ||| INVOKING Spit Poison.
  1895 | D:3      | 1895 ||| INVOKING Spit Poison.
  1912 | D:3      | Noticed an ogre
  1913 | D:3      | 1913 ||| INVOKING Spit Poison.
  1918 | D:3      | 1918 ||| INVOKING Spit Poison.
  1924 | D:3      | 1924 ||| INVOKING Spit Poison.
  1928 | D:3      | Mangled by an ogre

Levels and vault maps discovered:
D:1:      dpeg_arrival_rooms_with_view, layout_basic
D:2:      layout_loops_ring, serial_shops, nicolae_square_shop, uniq_jessica
D:3:      layout_basic, nicolae_qazlal_style_of_elements, minmay_ogre_servants

Skill      XL: |  1  2  3  4 |
---------------+-------------+-----
Ranged Weapons | 4 5 |  5.1
Fighting       | 3 |  3.0
Dodging        | |  1.5
Stealth        | |  1.5

Action                     |  1- 3 |  4- 6 || total
---------------------------+-------+-------++-------
   Fire: Shortbow          |    29 |    39 ||    68
Ability: Spit Poison       |    17 |    16 ||    33
    Use: Scroll            |     3 |     5 ||     8
         Potion            |       |     1 ||     1
 Armour: Leather armour    |       |     2 ||     2
  Dodge: Dodged            |     2 |    28 ||    30

Table legend:
 A = Non-vault XP
 B = Vault XP
 C = Vault XP percentage of total XP
 D = Non-vault monster count
 E = Vault monster count
 F = Vault count percentage of total count
                 A         B        C        D         E       F
            +---------+---------+-------+---------+---------+-------
      Total |     110 |      48 |  30.4 |      35 |       8 |  18.6
            +---------+---------+-------+---------+---------+-------
        D:1 |      18 |       2 |  10.0 |      11 |       2 |  15.4
        D:2 |      55 |      37 |  40.2 |       9 |       1 |  10.0
        D:3 |      37 |       9 |  19.6 |      15 |       5 |  25.0
            +---------+---------+-------+---------+---------+-------
